Elrinda, chaotic female elven Priestess ------------- --------- |...........-# ------------ |.....>.|#####+...........|# |......<....# |........# --------.----# ##-..........|# ---------# ## # # |..........|######### # # # ### ----|-------# # -.---- # ### ### ###`############# ### |....| # # #-----------# # # #+....| # ### #|.........|# # ###|....| # # #..........|# # # #.....| # # |)..dC...q|# -------- ### ------ # # # |.u%@f.q...# |......| # # ----|-|- ----------- |......-####### ##.......| |......| |......| |......| |.^....| |...(..| -------- |......| -------- Elrinda the Acolyte Experience level: 5 Strength: 13 Dexterity: 14 Constitution: 16 Intelligence: 9 Wisdom: 16 Charisma: 9 Health: 0(31) Energy: 71(71) Def: 8 Gold: 0 Moves: 4518 Dungeon seed: rJ3Ds2hI-CF6sLXi Game ID: Elrinda_1477111820 Your Inventory: Weapons a - a blessed greased +2 mace (weapon in hand) j - 2 +0 orcish daggers (in quiver) P - a +0 scimitar Armor e - a greased +0 robe (being worn) n - a greased +0 small shield (being worn) q - a greased +0 orcish helm (being worn) y - a blessed +1 leather armor (being worn) z - a +0 pair of elven boots (being worn) Comestibles d - a sprig of wolfsbane O - a tripe ration Potions J - a potion of extra healing X - a blessed potion of paralysis Rings p - a ring of levitation Wands Q - a wand of digging (0:4) Tools b - a blessed greased bag of holding w - a skeleton key x - a magic whistle Contents of the bag of holding: 1184 gold pieces a +1 long sword a +0 orcish helm a scroll of blank paper a blessed scroll of create monster a scroll of create monster a scroll of food detection a cursed scroll of food detection a scroll of genocide a scroll of light a cursed scroll of remove curse a blessed spellbook of detect monsters a spellbook of identify a spellbook of slow monster a potion of confusion 2 potions of holy water a potion of object detection a cursed potion of speed a can of grease (0:20) a lock pick an oil lamp (0:1447) a sack a sack a wooden flute Spells and supernatural/magical abilities: Name Level Category Fail Memory n - detect monsters 1 divination 0% 78% I - identify 3 divination 97% 78% W - pray for help -- divine ? -- X - turn undead -- divine ? -- Your skills at the end: Fighting Skills wands [Basic] Weapon Skills mace [Skilled] Spellcasting Skills clerical spells [Basic] Final Attributes: You were piously aligned. You were sleep resistant. You saw invisible. You had infravision. You were stealthy. You are dead. Vanquished creatures: 2 wolves a wood nymph a shrieker a paper golem 3 giant ants 2 floating eyes 2 kittens a kobold lord 6 rothes an acid blob a gas spore a hobbit 11 manes a hobgoblin 6 giant rats a cave spider 2 red molds 12 garter snakes 6 geckos 3 jackals 2 foxes a kobold 3 goblins 4 sewer rats 8 grid bugs a bat 6 lichens 7 newts 96 creatures vanquished. Voluntary challenges: You had been an atheist until turn 2576. You used a wielded weapon 67 times, starting on turn 15. You read items or engraved 28 times, starting on turn 825. You never genocided any monsters. You never polymorphed an object. You never changed form. You used no wishes. You never split a pudding. You wrote Elbereth's name 22 times, starting on turn 1424. You never violated your personal moral code. Dungeon overview: The Dungeons of Doom: levels 1 to 9 Level 1 many fountains a long staircase Level 2 a general store Level 3 a hardware shop stairs to The Gnomish Mines Level 4 Level 5 Level 6 Level 7 a fountain Level 8 <- You were here Level 9 The Gnomish Mines: Level 4 stairs to The Dungeons of Doom History has recorded: On T:1 you entered the Dungeons of Doom to retrieve the Amulet of Yendor! On T:241 you reached level 2 of The Dungeons of Doom. On T:373 you advanced to experience level 2. On T:465 you reached level 3 of The Dungeons of Doom. On T:1269 you reached level 1 of The Gnomish Mines. On T:1273 you advanced to experience level 3. On T:2056 you advanced to experience level 4. On T:2111 you reached level 4 of The Dungeons of Doom. On T:2300 you reached level 5 of The Dungeons of Doom. On T:2721 you reached level 6 of The Dungeons of Doom. On T:3401 you reached level 7 of The Dungeons of Doom. On T:3637 you advanced to experience level 5. On T:3694 you reached level 8 of The Dungeons of Doom. On T:4328 you reached level 9 of The Dungeons of Doom. Score breakdown: Gold: 1184 (10455 points) Experience: 5 levels (11141 points) Exploration: 9 levels ( 19.15%) (12510 points) Discoveries: 28 items ( 9.69%) ( 9337 points) Valuables value: (no points given unless you survive) Artifact value: 0 ( 0 points) Variety of kills: 28 monsters ( 7.31%) ( 8111 points) Turncount: 4518 turns (-1204 points) Survival: died (score multiplied by 80%) Total score: 40280 Latest messages: You displace Skin. You hear some noises nearby. (2x) You hear some noises in the distance. The plains centaur shoots a crossbow bolt! You are almost hit by a crossbow bolt. You see here a rothe corpse. The plains centaur swings his crossbow at you. The plains centaur hits! The plains centaur misses. You hit the plains centaur. The plains centaur swings his crossbow at Skin. The plains centaur hits Skin. (2x) Skin bites the plains centaur. The plains centaur swings his crossbow at you. The plains centaur hits! The plains centaur kicks! You write in the dust with your fingers. The plains centaur turns to flee! The plains centaur swings his crossbow at you. The plains centaur hits! You die... The sack is empty. (2x) Final status: Goodbye Elrinda the Priestess, killed by a plains centaur... You died in The Dungeons of Doom on dungeon level 8 with 40280 points, and 1184 pieces of gold, after 4518 moves. You were level 5 with a maximum of 31 hit points when you died.